 Dungeon Crawl Stone Soup version 0.28.0-53-g5a82cb258f (webtiles) character file.

Game seed: 10520195764535532552

714 LynnLen the Magician (level 7, -13/27 HPs)
             Began as a Felid Ice Elementalist on Aug 1, 2022.
             Mangled by an ogre
             ... wielding a +0 giant club
              (28 damage)
             ... on level 6 of the Dungeon on Aug 2, 2022.
             The game lasted 00:28:34 (7278 turns).

LynnLen the Magician (Felid Ice Elementalist)       Turns: 7278, Time: 00:28:35

Health: -13/27     AC:  9    Str:  4    XL:     7   Next: 41%
Magic:  10/19      EV: 17    Int: 19    God:
Gold:   250        SH:  0    Dex: 16    Spells: 6/21 levels left
                                        Lives:  0   Deaths: 2

rFire   . . .      SeeInvis +   (weapon unavailable)
rCold   . . .      Faith    .   (shield unavailable)
rNeg    . . .      Spirit   .   (armour unavailable)
rPois   .          Reflect  .   (helmet unavailable)
rElec   .          Harm     .   (cloak unavailable)
rCorr   .          Rampage  .   (gloves unavailable)
Will    +....                   (boots unavailable)
Stlth   ++........              d - amulet of regeneration
HPRegen 0.89/turn               (no ring)
MPRegen 0.16/turn               (no ring)

@: ice-armoured, freezing walls, quick
A: very small, claws 1, fangs 3, see invisible, speed 1, shaggy fur 2, stealthy
paws, no weapons or thrown items, no armour, multi-lived
a: no special abilities


You were on level 6 of the Dungeon.
You visited 1 branch of the dungeon, and saw 6 of its levels.
You also visited: Sewer.

You collected 261 gold pieces.
You spent 11 gold pieces at shops.

Inventory:

Jewellery
 d - an amulet of regeneration (around neck)
 g - a ring of fire
 i - a ring of positive energy
Wands
 k - a wand of mindburst (12)
Scrolls
 f - 2 scrolls of enchant weapon
 m - a scroll of brand weapon {unknown}
 o - a scroll of fog
 q - a scroll of noise {unknown}
Potions
 a - 2 potions of curing
 b - a potion of heal wounds
 c - 2 potions of brilliance
 h - a potion of mutation {unknown}
 j - a potion of haste
 n - a potion of cancellation {unknown}
 p - 3 potions of resistance {unknown}


   Skills:
 - Level 2.6 Dodging
 - Level 2.6 Stealth
 * Level 7.5 Spellcasting
 * Level 1.8 Conjurations
 + Level 6.1 Ice Magic
 * Level 0.1 Poison Magic


You had 6 spell levels left.
You knew the following spells:

 Your Spells              Type           Power      Damage    Failure   Level
a - Freeze                Ice            100%       1d11      1%          1
b - Ozocubu's Armour      Ice            30%        N/A       2%          3
c - Frozen Ramparts       Ice            60%        1d8       2%          3
d - Hailstorm             Conj/Ice       22%        3d7       19%         4
e - Olgreb's Toxic Radia  Pois           7%         N/A       67%         4

Your spell library contained the following spells:

 Spells                   Type           Power      Damage    Failure   Level
 Sting                    Tmut/Pois      28%        1d4       10%         1
 Poisonous Vapours        Pois/Air       14%        N/A       14%         2
 Summon Guardian Golem    Hex/Summ       7%         N/A       28%         3
 Orb of Destruction       Conj           7%         9d6       100%        7
 Spellforged Servitor     Conj/Summ      5%         N/A       100%        7


Dungeon Overview and Level Annotations

Branches:
Dungeon (6/15)              Sewer (visited)
 Temple: D:4-7

Altars:
Trog
Wu Jian
Xom

Shops:
D:1 !*((

Annotations:
D:5 Grinder


Innate Abilities, Weirdness & Mutations

You have sharp claws.
You have razor-sharp teeth.
You have supernaturally acute eyesight. (SInv)
You cover ground quickly. (Speed+)
You are covered in thick fur. (AC +2)
Your paws help you pounce on unaware monsters.
You are incapable of wielding weapons or throwing items.
You cannot wear armour.
You gain extra lives every three experience levels.


Message History

Found a stone staircase leading down.
There is a stone staircase leading down here.
There is a stone staircase leading down here.
An ogre comes into view. It is wielding a +0 giant club.
The ogre shouts!
Aiming: Freeze (safe; 1% risk of failure)
Press: ? - help, Q - select action, (/) - cycle Shift-Dir - straight line, f - you
Okay, then.
The ogre completely misses you.
Unknown command.
Non-targeted cast: Ozocubu's Armour (2%)
Press: ? - help, Q - select action, (/) - cycle Dir - look around, f - activate A film of ice covers your body!
Casting: Frozen Ramparts (dangerous; 2% risk of failure)
Press: ? - help, Q - select action, (/) - cycle Dir - look around, f - activate The walls around you are covered in ice.
The wall freezes the ogre.
The ogre hits you with a +0 giant club!
Ouch! That really hurt!
Unknown command.
Aiming: Freeze (safe; 1% risk of failure)
Press: ? - help, Q - select action, (/) - cycle Shift-Dir - straight line, f - ogre
Aim: an ogre, wielding a +0 giant club (lightly wounded)
You freeze the ogre.
The ogre is moderately wounded.
The wall freezes the ogre.
The ogre barely misses you.
Aiming: Freeze (safe; 1% risk of failure)
Press: ? - help, Q - select action, (/) - cycle Shift-Dir - straight line, f/p - ogre
Aim: an ogre, wielding a +0 giant club (moderately wounded)
You freeze the ogre.
The ogre is moderately wounded.
The wall freezes the ogre.
The ogre barely misses you.
Aiming: Freeze (safe; 1% risk of failure)
Press: ? - help, Q - select action, (/) - cycle Shift-Dir - straight line, f/p - ogre
Aim: an ogre, wielding a +0 giant club (heavily wounded)
You freeze the ogre.
The ogre is severely wounded.
The wall freezes the ogre.
The ogre hits you with a +0 giant club!!
Ouch! That really hurt!
You die...

.$. .# .# .# ..#
..## #+#+#########
.... ........>...#
..##########..##.#
... ........##@#
##.# ##......##O#
# .. ##......##.#
# #[......##.# #
#.......##.# .#
#.......##.. ##
#.......##########
.#
#................#
..#
#........#######.#


You could see an ogre.

Vanquished Creatures
  A sky beast (D:6)
  A black bear (D:6)
  An ogre (D:4)
  A phantom (D:5)
  Blork the orc (D:4)
  2 scorpions (D:4)
  A water moccasin zombie (D:5)
  A centaur zombie (D:6)
  2 orc priests (D:6)
  A centaur skeleton (D:4)
  7 hounds
  2 iguanas
  A hell rat (Sewer)
  2 orc wizards (D:6)
  A hound skeleton (D:4)
  A howler monkey skeleton (D:6)
  6 adders
  2 river rats (Sewer)
  2 worms (D:5)
  2 dart slugs (D:1)
  An orc (D:5)
  7 ball pythons
  2 endoplasms
  A giant cockroach (D:1)
  2 goblins
  5 hobgoblins
  8 jackals
  5 quokkas
  6 bats
  6 frilled lizards
  5 kobolds
  10 rats
96 creatures vanquished.

Vanquished Creatures (others)
  7 plants (D:5)
7 creatures vanquished.

Grand Total: 103 creatures vanquished

Notes
Turn   | Place    | Note
-------+----------+-------------------------------------------
     0 | D:1      | LynnLen the Felid Ice Elementalist began the quest for the
                  | Orb.
     0 | D:1      | Reached XP level 1. HP: 7/7 MP: 4/4
   159 | D:1      | Found Qoesooba's Distillery.
   281 | D:1      | Found Jaireikleu's Book Emporium.
   365 | D:1      | Reached XP level 2. HP: 11/11 MP: 3/6
   412 | D:1      | Found Zeul's Weapon Emporium.
   498 | D:1      | Found Don Heg's Assorted Antiques.
   860 | D:1      | Found Enaavink's Antique Weapon Boutique.
  1177 | D:2      | Reached XP level 3. HP: 12/14 MP: 5/8
  1395 | D:2      | Learned a level 3 spell: Ozocubu's Armour
  1399 | D:2      | Learned a level 3 spell: Frozen Ramparts
  1803 | D:2      | Reached skill level 3 in Spellcasting
  2504 | D:3      | Found a faded altar of an unknown god.
  2842 | D:3      | Reached XP level 4. HP: 13/18 MP: 3/10
  3462 | D:4      | Noticed an ogre
  3479 | D:4      | Killed an ogre
  3480 | D:4      | Reached skill level 4 in Spellcasting
  3480 | D:4      | Reached XP level 5. HP: 21/21 MP: 1/12
  3819 | D:4      | Gained mutation: You are covered in thick fur. (AC +2)
                  | [Felid growth]
  3819 | D:4      | Reached XP level 6. HP: 24/24 MP: 10/14
  3893 | D:1      | Bought a potion of degeneration for 11 gold pieces
  4179 | D:4      | Reached skill level 5 in Spellcasting
  4179 | D:4      | Reached skill level 5 in Ice Magic
  4185 | D:4      | Learned a level 4 spell: Hailstorm
  4190 | D:4      | Learned a level 4 spell: Olgreb's Toxic Radiance
  4311 | D:4      | Noticed Blork the orc
  4320 | D:4      | Killed Blork the orc
  4810 | D:4      | Found a shimmering altar of Xom.
  4925 | D:4      | Reached XP level 7. HP: 24/27 MP: 16/16
  5104 | D:5      | Entered Level 5 of the Dungeon
  5180 | D:5      | Noticed a wyvern
  5216 | D:5      | Reached skill level 6 in Spellcasting
  5290 | D:5      | Noticed Grinder
  5293 | D:5      | Paralysed by Grinder for 4 turns
  5324 | D:5      | Paralysed by Grinder for 7 turns
  5333 | D:5      | Slain by a wyvern
  5334 | D:5      | Reached XP level 6. HP: -3/24 MP: 5/16
  5652 | D:5      | Found a glowing drain.
  5674 | Sewer    | Entered a sewer
  5928 | D:5      | HP: 1/24 [wyvern (12)]
  6111 | D:5      | Slain by Grinder
  6112 | D:5      | Reached XP level 5. HP: 0/21 MP: 14/14
  6181 | D:6      | Reached skill level 1 in Conjurations
  6181 | D:6      | Reached XP level 6. HP: 17/24 MP: 11/16
  6352 | D:6      | Noticed a sky beast
  6365 | D:6      | Killed a sky beast
  6535 | D:6      | Reached skill level 7 in Spellcasting
  6599 | D:6      | Reached XP level 7. HP: 27/27 MP: 0/18
  6610 | D:6      | Noticed a manticore
  7151 | D:6      | Found a bloodstained altar of Trog.
  7156 | D:6      | Found an ornate altar of the Wu Jian Council.
  7278 | D:6      | Mangled by an ogre

Illustrated notes

Levels and vault maps discovered:
D:1:      wander_arrival_peaceful_grave, layout_basic, serial_shops,
          nicolae_shop_bloodbath_and_beyond, shop_fountains, shop,
          nicolae_shop_stone, nicolae_shop_waterfront, minmay_misc_feat_roman,
          minmay_misc_feat_enclosed
D:2:      layout_basic, minmay_misc_feat_tower
D:3:      layout_loops_cross, nicolae_ecumenical_pavilion
D:4:      layout_loops_ring, tgw_xom, uniq_blork_the_orc
D:5:      layout_rooms, cheibrodos_sewer_entry_bend, guppyfry_early_lair_pool,
          uniq_grinder
D:6:      nicolae_BIG_FREAKIN_CUBE, layout_basic, nicolae_overflow_hidden_temple

Skill      XL: |  1  2  3  4  5  6  7 |
---------------+----------------------+-----
Ice Magic      | 4 6 |  6.1
Spellcasting   | 3 4 7 6 |  7.5
Conjurations   | 1 |  1.8
Dodging        | |  2.6
Stealth        | |  2.6
Poison Magic   | |  0.1

Action                   |  1- 3 |  4- 6 |  7- 9 || total
-------------------------+-------+-------+-------++-------
Melee: Unarmed           |     6 |    73 |    99 ||   178
       Bite              |     2 |    10 |    15 ||    27
       Punch             |       |     1 |       ||     1
 Cast: Freeze            |    64 |   139 |    56 ||   259
       Ozocubu's Armour  |     1 |     3 |     2 ||     6
       Frozen Ramparts   |     1 |     3 |     1 ||     5
  Use: Scroll            |     3 |     8 |     4 ||    15
       Potion            |       |     2 |     5 ||     7
Armor: Skin              |     2 |    46 |    21 ||    69
Dodge: Dodged            |    47 |   206 |   146 ||   399
